 Dungeon Crawl Stone Soup version 0.30-b1-2-g02819fbbbe (webtiles) character file.

Game seed: 7673723291737118421

147346 Vader the Impaler (level 16, -3/232 HPs)
             Began as a Minotaur Berserker on Oct 21, 2023.
             Was a High Priest of Trog.
             Succumbed to a naga ritualist's toxic radiance
             ... on level 2 of the Snake Pit on Oct 24, 2023.
             The game lasted 05:36:02 (34224 turns).

Vader the Impaler (Minotaur Berserker)             Turns: 34224, Time: 05:36:02

Health: -3/232     AC: 29    Str: 36    XL:     16   Next: 91%
Magic:  3/15       EV:  9    Int:  4    God:    Trog [*****.]
Gold:   2568       SH: 19    Dex: 10    Spells: 15/15 levels left

rFire   + . .        a - +9 demon trident (venom)
rCold   + . .        R - +0 tower shield
rNeg    . . .        U - +1 plate armour {rC+}
rPois   x            i - +2 hat
rElec   .            P - +0 cloak
rCorr   .            j - +2 pair of gloves {Stlth+}
SInv    .            A - +1 pair of boots
Will    +....        F - amulet of guardian spirit Stlth
                     N - ring of protection from fire
HPRegen 0.58/turn    Z - +6 ring of strength
MPRegen 0.14/turn

%: guardian spirit
@: berserking, lethally poisoned (-3 -> -51), poison vulnerable, slowed
A: horns 2, retaliatory headbutt
a: Renounce Religion, Berserk, Trog's Hand, Brothers in Arms


You were on level 2 of the Snake Pit.
You worshipped Trog.
Trog was extremely pleased with you.
You visited 5 branches of the dungeon, and saw 25 of its levels.
You also visited: Ice Cave.

You collected 2807 gold pieces.
You spent 239 gold pieces at shops.

Inventory:

Hand Weapons
 a - a +9 demon trident of venom (weapon)
 b - a +2 longbow of flaming
 G - a +2 glaive of flaming
 O - a +2 heavy broad axe
Missiles
 x - 4 javelins (quivered)
Armour
 i - a +2 hat (worn)
 j - a +2 pair of gloves of stealth (worn)
 w - a +4 plate armour of poison resistance
 A - a +1 pair of boots (worn)
 P - a +0 cloak (worn)
 R - a +0 tower shield (worn)
 U - a +1 plate armour of cold resistance (worn)
Jewellery
 p - a ring of poison resistance
 q - the ring of Ru's Righteous Anger {rF- rC+ rN+ Str+3}
   (You found it on level 3 of the Lair of Beasts)

   [ring of protection from cold]

   Str:       It affects your strength (+3).
   rF:        It makes you vulnerable to fire.
   rC:        It protects you from cold.
   rN:        It protects you from negative energy.
 D - a ring of flight
 F - an amulet of guardian spirit (around neck)
 H - a ring of protection from fire
 L - a +4 ring of protection
 N - a ring of protection from fire (left hand)
 S - a +5 ring of evasion
 Z - a +6 ring of strength (right hand)
Wands
 l - a wand of acid (14)
 B - a wand of mindburst (10)
 E - a wand of flame (69)
 I - a wand of roots (28)
 T - a wand of digging (5)
 X - a wand of polymorph (16)
Scrolls
 c - a scroll of silence
 h - 6 scrolls of fear
 k - 2 scrolls of enchant weapon
 o - 4 scrolls of blinking
 t - 2 scrolls of magic mapping
 y - 3 scrolls of poison
 z - 9 scrolls of teleportation
 J - 2 scrolls of immolation
 M - a scroll of butterflies
 Q - 2 scrolls of identify
 W - 3 scrolls of fog
Potions
 d - 5 potions of cancellation
 e - a potion of berserk rage
 f - 2 potions of ambrosia
 g - 8 potions of might
 m - 8 potions of mutation
 n - 4 potions of heal wounds
 r - 3 potions of flight
 s - 4 potions of lignification
 u - 5 potions of brilliance
 v - 11 potions of curing
 C - 2 potions of resistance
 K - a potion of haste


   Skills:
 - Level 17.0 Fighting
 - Level 5.3(14.5) Axes
 + Level 20.7(20.9) Polearms
 - Level 17.0 Armour
 - Level 4.3 Dodging
 - Level 18.2 Shields
 - Level 1.8 Evocations


You had 15 spell levels left.
You didn't know any spells.
Your spell library contained the following spells:

 Spells                   Type           Power      Damage    Failure   Level
 Freeze                   Ice            0%         1d3       98%         1
 Kiss of Death            Conj/Necr      0%         2d5       98%         1
 Necrotise                Necr           0%         1d4       98%         1
 Slow                     Hex            0%         N/A       98%         1
 Sting                    Tmut/Pois      0%         1d3       98%         1
 Ensorcelled Hibernation  Hex/Ice        0%         N/A       99%         2
 Lesser Beckoning         Tloc           0%         N/A       99%         2
 Passwall                 Tmut/Erth      0%         N/A       99%         2
 Sublimation of Blood     Necr           0%         N/A       99%         2
 Call Canine Familiar     Summ           0%         N/A       100%        3
 Confusing Touch          Hex            0%         N/A       100%        3
 Frozen Ramparts          Ice            0%         1d1       100%        3
 Gell's Gravitas          Tloc           0%         N/A       100%        3
 Hailstorm                Conj/Ice       0%         3d3       100%        3
 Ozocubu's Armour         Ice            0%         N/A       100%        3
 Portal Projectile        Hex/Tloc       0%         N/A       100%        3
 Spider Form              Tmut/Pois      0%         N/A       100%        3
 Swiftness                Air            0%         N/A       100%        3
 Teleport Other           Tloc           0%         N/A       100%        3
 Vampiric Draining        Necr           0%         2d6       100%        3
 Airstrike                Air            0%         2d(0-16)  100%        4
 Animate Dead             Necr           0%         N/A       100%        4
 Dispel Undead            Necr           0%         3d6       100%        4
 Leda's Liquefaction      Hex/Erth       0%         N/A       100%        4
 Olgreb's Toxic Radiance  Pois           0%         N/A       100%        4
 Petrify                  Tmut/Erth      0%         N/A       100%        4
 Agony                    Necr           0%         N/A       100%        5
 Irradiate                Conj/Tmut      0%         3d11      100%        5
 Lee's Rapid Deconstruct  Erth           0%         3d4*      100%        5
 Metabolic Englaciation   Hex/Ice        0%         N/A       100%        5
 Silence                  Hex/Air        0%         N/A       100%        5
 Simulacrum               Ice/Necr       0%         N/A       100%        6
 Statue Form              Tmut/Erth      0%         N/A       100%        6
 Haunt                    Necr/Summ      0%         N/A       100%        7
 Infestation              Necr           0%         N/A       100%        8


Dungeon Overview and Level Annotations

Branches:
Dungeon (15/15)            Temple (1/1) D:4            Lair (5/5) D:8
 Shoals (0/4) Lair:2        Snake (2/4) Lair:2        Slime (0/5) Lair:4
    Orc (2/2) D:9             Elf (0/3) Orc:2        Vaults (0/5) D:13
 Depths (0/4) D:15          IceCv (visited)

Altars:
Ashenzari
Cheibriados
Dithmenos
Elyvilon
Fedhas
Gozag
Hepliaklqana
Kikubaaqudgha
Makhleb
Nemelex Xobeh
Okawaru
Qazlal
Ru
Sif Muna
Trog
Uskayaw
Vehumet
Wu Jian
Xom
Yredelemnul
Zin
The Shining One
Jiyva

Shops:
D:9 *:[?*   D:10 *   D:15 (   Orc:2 :([**=*

Annotations:
Lair:2 exclusion: oklob plant


Innate Abilities, Weirdness & Mutations

You have a pair of horns on your head.
You reflexively headbutt those who attack you in melee.


Message History

The black mamba bites you but does no damage. x2
The naga ritualist spits poison at you.
The splash of poison hits you but does no damage.
You are more poisoned.
The naga warrior roars a battlecry!
The naga warrior goes into a battle-frenzy!
The guardian serpent hits you but does no damage.
You block the black mamba's attack.
You closely miss the black mamba.
You feel extremely sick.
The black mamba bites you but does no damage.
The guardian serpent casts a spell at you.
The bolt of poison misses you.
The naga warrior hits you from afar with a +0 trident!!!
* * * LOW HITPOINT WARNING * * *
The naga ritualist mumbles some strange prayers to its god against you.
You feel yourself grow more vulnerable to poison.
The naga warrior barely misses you. You block the black mamba's attack.
You stick the black mamba like a pincushion!!!
You kill the black mamba!
Trog accepts your kill.
* * * LOW HITPOINT WARNING * * *
You feel extremely sick.
* * * LOW HITPOINT WARNING * * *
You are more poisoned.
You block the black mamba's attack.
The guardian serpent hits you but does no damage.
You barely miss the black mamba. Your headbutt misses the black mamba.
* * * LOW HITPOINT WARNING * * *
You feel extremely sick.
* * * LOW HITPOINT WARNING * * *
You are more poisoned.
The naga ritualist's toxic aura wanes.
You block the black mamba's attack. You block the naga warrior's attack. x2
The guardian serpent hits you but does no damage.
Okay, then.
You impale the black mamba!!
The black mamba is poisoned.
You headbutt the black mamba!
The black mamba is almost dead.
You die...

#..........
#..........
#........#
##.......#
#.......####
#....N......
#^..........
###...S.......
#....@.N......
........SN.....#
...............#
...............#
..............##
................
................
...............


You could see 2 naga warriors, a naga ritualist (strong, catching breath), a
guardian serpent and a black mamba (very poisoned).

Vanquished Creatures
  A shard shrike (IceCv)
  Agnes (Snake:2)
  2 orc warlords
  Nessos (Lair:5)
  A minotaur (D:13)
  A white draconian (IceCv)
  An ettin (D:15)
  A fire dragon (Lair:5)
  Harold (D:9)
  5 vault guards (D:13)
  5 hydras
  The ghost of enotiy the Cleaver, a journeyman GrFi (D:13)
  Erolcha (D:10)
  5 ogre magi
  5 centaur warriors
  Erica (D:9)
  2 ironbound frosthearts (IceCv)
  3 boulder beetles
  26 two-headed ogres
  A tengu warrior (D:12)
  6 death yaks (Lair:5)
  3 naga warriors
  An orc high priest (Orc:2)
  A naga sharpshooter (Snake:1)
  The ghost of NimIero the Geomancer, a journeyman GrEE of Vehumet (Lair:2)
  Sonja (Lair:3)
  Amaemon (D:9)
  A skyshark (Lair:3)
  A swamp dragon (Lair:5)
  2 deep trolls (D:15)
  2 deep elf pyromancers
  4 wizards
  2 naga ritualists
  5 lindwurms
  An orange crystal statue (IceCv)
  An orc knight (Orc:2)
  5 mana vipers (Snake:1)
  A manticore (D:12)
  30 ugly things
  An orc sorcerer (D:15)
  7 cyclopes
  A wolf spider (Lair:5)
  A salamander (Snake:2)
  2 naga magi (Snake:1)
  5 elephants (Lair:5)
  A guardian serpent (Lair:5)
  23 black mambas
  A merfolk siren (Lair:2)
  Joseph (D:9)
  An orange demon (D:9)
  A gargoyle (D:12)
  Maggie (D:8)
  23 rime drakes
  16 cane toads
  2 efreet (D:13)
  An unseen horror (D:11)
  A kobold demonologist (D:11)
  14 komodo dragons
  2 yaktaurs (D:13)
  A meliai (shapeshifter) (D:12)
  2 tengu conjurers
  3 meliai (D:14)
  3 hornets (Lair:5)
  21 polar bears
  8 trolls
  A wolf spider simulacrum (D:15)
  13 blink frogs
  16 slime creatures
  2 shadows
  A centaur simulacrum (D:14)
  19 wyverns
  A wraith (D:11)
  69 yaks
  12 basilisks
  A redback (Lair:5)
  4 vampire mosquitoes (D:15)
  2 steam dragons
  Menkaure (D:3)
  A minotaur simulacrum (Snake:1)
  5 wargs
  9 nagas
  3 acid dragons
  15 water moccasins
  A harpy simulacrum (Snake:1)
  A hydra simulacrum (Lair:2)
  A hell hound (D:15)
  20 orc warriors
  2 swamp drakes (Lair:5)
  A black bear (Lair:2)
  3 ice beasts
  An alligator simulacrum (Snake:1)
  28 ogres
  13 centaurs
  6 wolves
  A kobold brigand (D:6)
  14 bullfrogs
  3 gnoll sergeants
  A cane toad simulacrum (Lair:2)
  A scorpion (D:7)
  4 deep troll simulacra (Snake:1)
  10 wights
  5 killer bees (D:9)
  A lindwurm simulacrum (Snake:1)
  3 howler monkeys
  A rime drake simulacrum (Lair:2)
  An electric eel (Lair:2)
  3 jellies
  A komodo dragon simulacrum (Lair:2)
  2 quasits (D:7)
  21 orc priests
  A gnoll bouda (D:6)
  10 hounds (D:6)
  A water moccasin simulacrum (Lair:2)
  7 iguanas
  20 orc wizards
  9 hell rats
  A yak simulacrum (Lair:2)
  A howler monkey zombie (D:3)
  20 gnolls
  7 adders
  3 shadow imps (D:7)
  4 white imps
  4 ufetubi (D:7)
  A worm (D:2)
  A dart slug (D:2)
  67 orcs
  10 bats
  11 endoplasms
  3 giant cockroaches
  8 goblins
  7 hobgoblins
  30 jackals
  2 quokkas
  11 ball pythons
  A ball python zombie (D:3)
  A frilled lizard (D:1)
  7 kobolds
  6 rats
  A bush (D:9)
856 creatures vanquished.

Vanquished Creatures (others)
  A cyclops (D:13)
  A demonic plant (D:7)
  40 fungi
  97 plants
139 creatures vanquished.

Grand Total: 995 creatures vanquished

Notes
Turn   | Place    | Note
-------+----------+-------------------------------------------
     0 | D:1      | Vader the Minotaur Berserker began the quest for the Orb.
     0 | D:1      | Reached XP level 1. HP: 19/19 MP: 0/0
   148 | D:1      | Reached XP level 2. HP: 24/27 MP: 1/1
   292 | D:1      | Reached ** piety under Trog
   293 | D:1      | Reached skill level 5 in Axes
   325 | D:1      | Found a faded altar of an unknown god.
   330 | D:1      | Reached XP level 3. HP: 30/33 MP: 2/2
   811 | D:2      | Identified the +9 spear of Breach {antimagic, *Corrode rC-
                  | Str+4 Dex+8}
   940 | D:2      | Reached skill level 1 in Polearms
  1000 | D:2      | Reached skill level 2 in Polearms
  1040 | D:2      | Reached XP level 4. HP: 40/40 MP: 1/3
  1233 | D:2      | Found a hazy altar of Hepliaklqana.
  1783 | D:3      | Found a glowing golden altar of the Shining One.
  1835 | D:3      | Found a transporter.
  1884 | D:3      | Reached skill level 3 in Polearms
  2173 | D:3      | Found a basalt altar of Yredelemnul.
  2173 | D:3      | Noticed Menkaure
  2174 | D:3      | Found an ancient bone altar of Kikubaaqudgha.
  2288 | D:3      | Found a transporter.
  2823 | D:4      | Found a radiant altar of Vehumet.
  2949 | D:4      | Reached *** piety under Trog
  3106 | D:4      | Found a staircase to the Ecumenical Temple.
  3121 | D:4      | Reached skill level 4 in Polearms
  3121 | D:4      | Reached XP level 5. HP: 46/46 MP: 1/4
  3577 | Temple   | Entered the Ecumenical Temple
  3658 | D:5      | Entered Level 5 of the Dungeon
  3697 | D:5      | Found a bloodstained altar of Trog.
  3697 | D:5      | Noticed a centaur
  3714 | D:5      | Killed a centaur
  3715 | D:5      | Reached skill level 5 in Polearms
  3794 | D:5      | Reached XP level 6. HP: 48/52 MP: 1/5
  3879 | D:5      | Reached skill level 6 in Polearms
  3913 | D:5      | Noticed an ice beast
  3919 | D:5      | Killed an ice beast
  3920 | D:5      | Reached skill level 7 in Polearms
  4023 | D:5      | Found a hide-covered altar of Uskayaw.
  4047 | D:5      | Reached skill level 8 in Polearms
  4047 | D:5      | Reached XP level 7. HP: 58/58 MP: 2/6
  4437 | D:6      | Reached skill level 9 in Polearms
  4740 | D:6      | Found a shimmering blue altar of Sif Muna.
  4769 | D:6      | Reached XP level 8. HP: 55/67 MP: 2/7
  5009 | D:6      | Reached skill level 5 in Fighting
  5094 | D:6      | Reached skill level 5 in Armour
  5478 | D:6      | Found a broken altar of Ashenzari.
  6091 | D:7      | Found a flagged portal.
  6112 | D:7      | Found a burning altar of Makhleb.
  6132 | D:7      | Reached skill level 10 in Polearms
  6132 | D:7      | Reached skill level 1 in Shields
  6335 | D:7      | Reached **** piety under Trog
  6782 | D:7      | Reached XP level 9. HP: 77/77 MP: 2/8
  6969 | D:7      | Reached skill level 11 in Polearms
  7001 | D:7      | Reached skill level 12 in Polearms
  7001 | D:7      | Reached skill level 5 in Shields
  7523 | D:3      | Killed Menkaure
  7856 | D:8      | Noticed Maggie
  7867 | D:8      | Killed Maggie
  8149 | D:8      | Found a staircase to the Lair.
  8243 | D:8      | Noticed a two-headed ogre
  8249 | D:8      | Killed a two-headed ogre
  8250 | D:8      | Reached XP level 10. HP: 90/90 MP: 3/9
  9269 | Lair:1   | Entered Level 1 of the Lair of Beasts
  9396 | Lair:1   | Noticed a cane toad
  9405 | Lair:1   | Killed a cane toad
  9663 | Lair:1   | Noticed a cane toad
  9671 | Lair:1   | Killed a cane toad
  9740 | Lair:1   | Identified the +4 war axe of Poverty {elec, rElec}
 10715 | Lair:2   | Noticed a cane toad
 10729 | Lair:2   | Killed a cane toad
 10914 | Lair:2   | Found a staircase to the Snake Pit.
 10980 | Lair:2   | Found a staircase to the Shoals.
 10982 | Lair:2   | Noticed a merfolk siren
 10996 | Lair:2   | Killed a merfolk siren
 11021 | Lair:2   | Reached XP level 11. HP: 89/97 MP: 3/10
 11196 | Lair:2   | Reached skill level 10 in Armour
 11196 | Lair:2   | Reached skill level 10 in Shields
 11738 | Lair:2   | Found a runed translucent gate.
 11738 | Lair:2   | Found a runed translucent gate.
 11739 | Lair:2   | Found a runed translucent gate.
 11988 | Lair:2   | Noticed NimIero's ghost (journeyman GrEE)
 12007 | Lair:2   | Reached skill level 10 in Fighting
 12012 | Lair:2   | Killed NimIero's ghost
 12176 | Lair:2   | Got the ring of Temptation {Fire Str+2}
 12763 | Lair:2   | Noticed a lindwurm
 12829 | Lair:2   | Killed a lindwurm
 13077 | Lair:2   | Noticed an oklob plant
 13464 | Lair:3   | Noticed a skyshark
 13475 | Lair:3   | Killed a skyshark
 13500 | Lair:3   | Noticed a six-headed hydra
 13515 | Lair:3   | Killed a six-headed hydra
 13866 | Lair:3   | Reached XP level 12. HP: 102/117 MP: 3/11
 14229 | Lair:3   | Reached skill level 13 in Polearms
 14638 | Lair:3   | Identified the ring of Ru's Righteous Anger {rF- rC+ rN+
                  | Str+3}
 14675 | Lair:3   | Noticed Sonja
 14683 | Lair:3   | Killed Sonja
 14684 | Lair:3   | Reached skill level 14 in Polearms
 15498 | Lair:4   | Reached skill level 15 in Polearms
 15837 | Lair:4   | Noticed a boulder beetle
 15847 | Lair:4   | Reached skill level 16 in Polearms
 15857 | Lair:4   | Killed a boulder beetle
 16155 | Lair:4   | Found a runed translucent door.
 16156 | Lair:4   | Found a viscous altar of Jiyva.
 16158 | Lair:4   | Found a staircase to the Slime Pits.
 16271 | Lair:4   | Reached XP level 13. HP: 106/124 MP: 4/12
 16901 | Lair:5   | Entered Level 5 of the Lair of Beasts
 17165 | Lair:5   | Noticed Nessos
 17749 | Lair:5   | Found an ancient bone altar of Kikubaaqudgha.
 17762 | Lair:5   | Reached ***** piety under Trog
 18250 | Lair:5   | Killed Nessos
 18410 | Lair:5   | Reached skill level 15 in Armour
 18443 | Lair:5   | Identified the +0 leather armour of Kanot {rCorr}
 18464 | Lair:5   | Got the Monograph on the Atmospheric Adder
 20016 | Lair:5   | Noticed a fire dragon
 20035 | Lair:5   | Killed a fire dragon
 20036 | Lair:5   | Reached XP level 14. HP: 100/132 MP: 2/13
 21170 | D:9      | Found Joogej's Armour Shoppe.
 21170 | D:9      | Found Yrphusax's Book Boutique.
 21191 | D:9      | Noticed Harold
 21209 | D:9      | Killed Harold
 21210 | D:9      | Reached skill level 1 in Evocations
 21324 | D:9      | Noticed Erica
 21333 | D:9      | Killed Erica
 21417 | D:9      | Found Cyfyd's Magic Scroll Boutique.
 21478 | D:9      | Found a blossoming altar of Fedhas.
 21479 | D:9      | Noticed Amaemon
 21489 | D:9      | Killed Amaemon
 21667 | D:9      | Found a staircase to the Orcish Mines.
 21716 | D:9      | Noticed Joseph
 21730 | D:9      | Killed Joseph
 22135 | D:9      | Found an ornate altar of the Wu Jian Council.
 22170 | D:9      | Found Osujuvyj's Assorted Antiques.
 22280 | D:9      | Found Eggib's Assorted Antiques.
 22409 | D:10     | Entered Level 10 of the Dungeon
 22595 | D:10     | Found Zinuipte's General Store.
 22609 | D:10     | Found a glowing silver altar of Zin.
 23135 | D:10     | Noticed Erolcha
 23153 | D:10     | Killed Erolcha
 23633 | Orc:1    | Entered Level 1 of the Orcish Mines
 23926 | Orc:1    | Noticed an orc warlord
 23946 | Orc:1    | Killed an orc warlord
 24237 | Orc:2    | Entered Level 2 of the Orcish Mines
 24429 | Orc:2    | Noticed an orc warlord
 24462 | Orc:2    | Killed an orc warlord
 24489 | Orc:2    | Received a gift from Trog
 24597 | Orc:2    | Found Hostrag's Book Shop.
 24652 | Orc:2    | Found Dijimoh's Armour Emporium.
 24783 | Orc:2    | Reached skill level 15 in Shields
 24963 | Orc:2    | Found Oxevar's General Store.
 24963 | Orc:2    | Found Atsifakh's General Store.
 24964 | Orc:2    | Found Gitademm's Jewellery Boutique.
 24964 | Orc:2    | Found Gaavud's General Store.
 24993 | Orc:2    | Reached XP level 15. HP: 87/138 MP: 9/14
 25155 | Orc:2    | Bought a +1 pair of boots for 172 gold pieces
 25155 | Orc:2    | Bought a +0 tower shield for 67 gold pieces
 25370 | Orc:2    | Found a staircase to the Elven Halls.
 25490 | Orc:2    | Found Ryrihiets's Weapon Shoppe.
 26088 | D:11     | Received a gift from Trog
 26104 | D:11     | Found a gate leading to a gauntlet.
 27163 | D:12     | Found a shadowy altar of Dithmenos.
 27273 | D:12     | Reached skill level 15 in Fighting
 28858 | D:13     | Found a runed translucent gate.
 28858 | D:13     | Found a runed translucent gate.
 29025 | D:13     | Found a gate to the Vaults.
 29054 | D:13     | Found a runed translucent gate.
 29066 | D:13     | Noticed enotiy's ghost (journeyman GrFi)
 29510 | D:13     | Killed enotiy's ghost
 29852 | D:14     | Received a gift from Trog
 30684 | D:15     | Entered Level 15 of the Dungeon
 30684 | D:15     | Found Ogubeyrr's Weapon Emporium.
 30795 | D:15     | Found a staircase to the Depths.
 30915 | D:15     | Reached XP level 16. HP: 155/155 MP: 15/15
 31269 | D:15     | Reached skill level 17 in Polearms
 31932 | Snake:1  | Entered Level 1 of the Snake Pit
 31997 | Snake:1  | Reached skill level 18 in Polearms
 32114 | Snake:1  | Received a gift from Trog
 32134 | Snake:1  | Found a frozen archway.
 32275 | IceCv    | Entered an ice cave
 32299 | IceCv    | Reached ****** piety under Trog
 32476 | IceCv    | Reached skill level 19 in Polearms
 32636 | IceCv    | Noticed a shard shrike
 32648 | IceCv    | Killed a shard shrike
 33131 | IceCv    | Reached skill level 20 in Polearms
 34023 | Snake:2  | Noticed Agnes
 34036 | Snake:2  | Killed Agnes
 34049 | Snake:2  | Received a gift from Trog
 34223 | Snake:2  | HP: 9/232 [poisoned by a naga ritualist (toxic radiance)]
 34224 | Snake:2  | Succumbed to a naga ritualist's toxic radiance

Illustrated notes

Levels and vault maps discovered:
D:1:      kennysheep_arrival_forest, layout_rooms,
          chequers_ecumenical_altar_grove
D:2:      layout_rooms, basic_altar
D:3:      layout_rooms, lemuel_round_altar, gammafunk_temple_of_torment
D:4:      layout_loops_cross, mainiacjoe_overflow_six_doors_small,
          minmay_temple_entry_proselytizer
D:5:      layout_cave_pools, mainiacjoe_overflow_chevrons, kennysheep_mini_moat
D:6:      layout_cave_pools, mainiacjoe_overflow_tiny_flanked,
          nicolae_sif_muna_little_library, serial_gnoll_camp,
          gnoll_camp_mini_doghouse, gnoll_camp_mini_hut,
          gnoll_camp_mini_doghouse, gnoll_camp_mini_doghouse,
          gnoll_camp_mini_house, gnoll_camp_mini_hut
D:7:      layout_loops_corners, mainiacjoe_overflow_paths, enter_bailey_5,
          serial_demonic, serial_demonic_e, serial_demonic_a, serial_demonic_e,
          serial_demonic_a, serial_demonic_e, serial_demonic_a,
          serial_demonic_d, serial_bayou_pond_d
D:8:      layout_loops_ring, lair_entry_dummy, minmay_misc_feat_chi, uniq_maggie
D:9:      layout_long_grid, lemuel_round_altar, fedhas_bush_and_centaur_altar,
          minmay_orc_entry_guard_dogs, serial_shops, nicolae_diamond_shop,
          nicolae_stop_n_shop_2, shop, nicolae_lakefront_shop,
          nicolae_shop_statue_plus, evilmike_butchery, uniq_erica, uniq_joseph,
          uniq_harold, uniq_amaemon
D:10:     layout_stronghold, zin_academy, serial_shops, kennysheep_mini,
          uniq_erolcha
D:11:     layout_roguey, gauntlet_entry_generic, minmay_misc_feat_room,
          st_stairs_10, nicolae_straight_to_the_point
D:12:     layout_small_grid, nicolae_dithmenos_through_a_glass_darkly
D:13:     layout_roguey, grunt_vaults_entry_fortified,
          maelrawn_ghost_gauntlet_escape
D:14:     layout_small_grid, kennysheep_nondescript
D:15:     hangedman_depths_entry_civil_slaughter, layout_basic, serial_shops,
          nicolae_shop_stone, serial_glass, glass_columns_b, glass_columns_a,
          glass_columns_c, glass_columns_b, minmay_strange_pillars,
          item_on_display_a, minmay_strange_pillars, special_room
          [special_room_mythical_zoo]
Temple:   hellmonk_temple_micro_hex
Lair:1:   layout_layer_cave, st_stairs_12, infiniplex_staircase_pool
Lair:2:   layout_regular_city, minmay_shoals_entry_lonely_mermaid,
          guppyfry_snake_entry_island, gammafunk_ghost_icy,
          minmay_lair_oklob_items, st_stairs_13, serial_bayou_ford_a,
          nicolae_lair_lindhole
Lair:3:   layout_cave_pods, uniq_sonja
Lair:4:   layout_cave_pods, slime_entry_2, chequers_serial_rivers_room_b
Lair:5:   hangedman_lair_tendril_chambers, layout_layer_cave,
          guppyfry_lair_end_dragon, basic_altar, minmay_lindwurm_lava,
          uniq_nessos
Snake:1:  layout_onion, portal_ice_cave_entry_ice_simulacra
Snake:2:  layout_onion, grunt_ministairs_15, statue_in_the_mist_lemuel,
          minmay_shop_grove, uniq_agnes
Orc:1:    layout_caves
Orc:2:    st_orc_ogre_mass, layout_diamond_mine, serial_shops, shop, shop,
          nicolae_shop_pleasant_corner_grove

Skill      XL: |  1  2  3  4  5  6  7  8  9 10 11 12 13 14 15 16 |
---------------+-------------------------------------------------+-----
Axes           | 4 5 |  5.3
Polearms       | 2 4 5 8 9 10 12 16 20 | 20.7
Fighting       | 4 6 8 9 14 17 | 17.0
Armour         | 3 5 9 10 16 17 | 17.0
Shields        | 3 7 9 10 15 17 18 | 18.2
Evocations     | 1 |  1.8
Dodging        | 4 |  4.3

Action                     |  1- 3 |  4- 6 |  7- 9 | 10-12 | 13-15 | 16-18 || total
---------------------------+-------+-------+-------+-------+-------+-------++-------
  Melee: Hand axe          |    67 |       |       |       |       |       ||    67
         Headbutt          |     8 |     4 |    34 |   146 |   302 |    99 ||   593
         Spear             |    19 |    75 |   267 |   604 |   829 |       ||  1794
         Punch             |     1 |       |       |       |       |       ||     1
         War axe           |       |       |       |     2 |       |       ||     2
         Demon trident     |       |       |       |       |   553 |   438 ||   991
  Throw: Javelin           |     3 |    17 |    30 |    19 |    10 |       ||    79
 Invoke: Berserk           |     1 |     1 |     7 |     7 |     9 |     4 ||    29
         Trog's Hand       |       |     2 |     8 |     8 |    16 |     6 ||    40
         Brothers in Arms  |       |       |       |       |     1 |     1 ||     2
    Use: Scroll            |     3 |     5 |     7 |     5 |    11 |     1 ||    32
         Potion            |       |     3 |       |       |     2 |     1 ||     6
   Stab: Confused          |       |       |       |       |     1 |       ||     1
 Armour: Leather armour    |    25 |     1 |       |       |       |       ||    26
         Chain mail        |       |    13 |    42 |     4 |       |       ||    59
         Plate armour      |       |       |       |    57 |   176 |   141 ||   374
         Ring mail         |       |       |       |     1 |       |       ||     1
         Pearl dragon scal |       |       |       |    30 |   217 |       ||   247
  Dodge: Dodged            |    36 |    18 |    48 |   146 |   364 |    73 ||   685
  Block: Kite shield       |       |       |    47 |   201 |   470 |       ||   718
         Tower shield      |       |       |       |       |   206 |   267 ||   473
